 Seeded DCSS version 0.28.0-45-g0d030f2227 (webtiles) character file.

Game seed: 12438630275245706108 (custom seed)

3020 zeratav the Destroyer (level 9, 0/51 HPs)
             Began as an Octopode Conjurer on Apr 19, 2022.
             Was an Initiate of Gozag.
             Slain by a wight
             ... wielding a +3 halberd of freezing
              (22 damage)
             ... on level 8 of the Dungeon.
             The game lasted 00:18:12 (9381 turns).

zeratav the Destroyer (Octopode Conjurer)           Turns: 9381, Time: 00:18:12

Health: 0/51       AC:  1    Str:  6    XL:     9   Next: 85%
Magic:  1/25       EV: 13    Int: 25    God:    Gozag
Gold:   597        SH:  0    Dex: 10    Spells: 11/18 levels left

rFire   + . .      SeeInvis .   h - +2 hand axe (vorpal) {axe}
rCold   x . .      Faith    .   (no shield)
rNeg    + . .      Spirit   .   (helmet restricted)
rPois   .          Reflect  .   G - amulet of regeneration {@e2}
rElec   .          Harm     .   a - ring of magical power
rCorr   .          Rampage  .   c - +4 ring of slaying
Will    .....                   g - ring of fire
Stlth   +++.......              D - ring of positive energy
HPRegen 0.97/turn               (no ring)
MPRegen 0.19/turn               (no ring)
                                (no ring)
                                (no ring)

@: no status effects
A: almost no armour, amphibious, 8 rings, camouflage 1, gelatinous body 1,
(nimble swimmer 1), tentacles
a: Renounce Religion, Potion Petition, Call Merchant, Bribe Branch


You were on level 8 of the Dungeon.
You worshipped Gozag.
Gozag was pleased with you.
You visited 2 branches of the dungeon, and saw 9 of its levels.

You collected 721 gold pieces.
You paid 124 gold pieces to Gozag.


Innate Abilities, Weirdness & Mutations

You cannot wear most types of armour.
You are amphibious.
You can wear up to eight rings at the same time.
Your skin changes colour to match your surroundings (Stealth+).
Your rubbery body absorbs attacks. (AC +1, EV +1)
((You are camouflaged when in or above water. (Stealth+)))
You have tentacles for arms and can constrict up to eight enemies at once.


   Skills:
 - Level 2.0 Dodging
 - Level 2.6 Stealth
 - Level 5.0 Spellcasting
 * Level 12.3 Conjurations
 - Level 4.0 Transmutations


You had 11 spell levels left.
You knew the following spells:

 Your Spells              Type           Power      Damage    Failure   Level
a - Magic Dart            Conj           100%       1d8       1%          1
b - Searing Ray           Conj           100%       2d8       1%          2
c - Iskenderun's Mystic   Conj/Tloc      37%        2d9       7%          4

Your spell library contained the following spells:

 Spells                   Type           Power      Damage    Failure   Level
 Foxfire                  Conj/Fire      100%       2x1d9     1%          1
 Conjure Flame            Conj/Fire      53%        6-21      1%          3
 Dazzling Flash           Conj/Hex       74%        N/A       1%          3
 Mephitic Cloud           Conj/Pois/Air  26%        N/A       4%          3
 Flame Wave               Conj/Fire      53%        2d11      7%          4
 Fulminant Prism          Conj/Hex       18%        3d11      7%          4
 Hailstorm                Conj/Ice       37%        3d9       7%          4
 Summon Small Mammal      Summ           24%        N/A       9%          1
 Call Imp                 Summ           6%         N/A       12%         2
 Call Canine Familiar     Summ           6%         N/A       24%         3
 Gell's Gravitas          Tloc           6%         N/A       24%         3
 Inner Flame              Hex/Fire       9%         N/A       24%         3
 Lesser Beckoning         Tloc           6%         N/A       24%         3
 Summon Guardian Golem    Hex/Summ       6%         N/A       24%         3
 Teleport Other           Tloc           6%         N/A       24%         3
 Ice Form                 Ice/Tmut       16%        N/A       34%         4
 Dispersal                Tloc           3%         N/A       100%        6
 Simulacrum               Ice/Necr       3%         N/A       100%        6
 Borgnjor's Revivificati  Necr           3%         N/A       100%        8
 Necromutation            Tmut/Necr      8%         N/A       100%        8
 Death's Door             Necr           3%         N/A       100%        9

Inventory:

Hand Weapons
 h - a +2 vorpal hand axe (weapon) {axe}
   (You took it off Terence on level 2 of the Dungeon)
Jewellery
 a - a ring of magical power (left tentacle)
   (You found it on level 1 of the Dungeon)
 c - a +4 ring of slaying (right tentacle)
   (You took it off a kobold on level 2 of the Dungeon)
 g - a ring of fire (on tentacle)
   (You found it on level 3 of the Dungeon)
 x - an amulet of the acrobat
   (You found it on level 6 of the Dungeon)
 D - a ring of positive energy (on tentacle)
   (You found it on level 8 of the Dungeon)
 G - an amulet of regeneration (around mantle) {@e2}
   (You found it on level 8 of the Dungeon)
 H - an amulet of reflection
   (You found it on level 8 of the Dungeon)
Wands
 u - a wand of mindburst (17)
   (You found it on level 5 of the Dungeon)
 B - a wand of polymorph (17)
   (You found it on level 8 of the Dungeon)
 C - a wand of digging (10)
   (You found it on level 8 of the Dungeon)
Scrolls
 b - 9 scrolls of identify {unknown}
 d - a scroll of vulnerability {unknown}
 e - 2 scrolls of blinking {unknown}
 f - a scroll of enchant armour {unknown}
 i - a scroll of immolation {unknown}
 j - a scroll of fog {unknown}
 m - a scroll of enchant weapon {unknown}
 o - 3 scrolls of amnesia {unknown}
 q - 2 scrolls of torment {unknown}
 w - a scroll of magic mapping {unknown}
 y - a scroll of fear {unknown}
 A - a scroll of brand weapon {unknown}
Potions
 k - 2 potions of curing {unknown}
 l - a potion of invisibility {unknown}
 n - 3 potions of berserk rage {unknown}
 p - 5 potions of haste {unknown}
 r - a potion of ambrosia {unknown}
 s - a potion of cancellation {unknown}
 t - a potion of brilliance {unknown}
 v - a potion of resistance {unknown}
 z - a potion of lignification {unknown}
 E - a potion of heal wounds {unknown}
 F - a potion of magic {unknown}

Dungeon Overview and Level Annotations

Branches:
Dungeon (8/15)             Temple (1/1) D:7
   Lair: D:8-11

Altars:
Ashenzari
Cheibriados
Dithmenos
Elyvilon
Fedhas
Gozag
Hepliaklqana
Nemelex Xobeh
Okawaru
Qazlal
Ru
Sif Muna
Uskayaw
Vehumet
Wu Jian
Xom
Yredelemnul
Zin
The Shining One

Shops:
D:1 =   D:2 :   D:6 (   D:8 ?!:(

Annotations:
D:4 2 transporters, Zeld's ghost, amateur MiDe
D:6 1 runed translucent door, Crazy Yiuf

#.## ##.....#.....
###..# ##.###...##
#....###..###..$.#
#....#........##$...
#.........$....##$..
#......######### ..#
#....z## .#
###...##### ∩.
########@..#.... .
#......#.....## .
#..>............
#..........#####
#.......[..#
#######....#
######## #....#
####....... #....#
#..<.######
#.>..####.#####....


You could see a wight.


Message History

You destroy the wight!
The searing ray hits the wight but does no damage. (Press . to maintain the ray.) MP[-2]
You lost 2 mp, and now have 21/25 mp.
The searing ray hits the wight.
A wight comes into view. It is wielding a +4 trident.
A wight comes into view. It is wielding a +5 falchion.
MP[-1]
You lost 1 mp, and now have 20/25 mp.
Casting: Searing Ray (safe; 1% risk of failure)
Confirm with . or Enter, or press ? or * to list all spells.
You erupt in a blast of force!
The mystic blast hits the wight.
MP[-3]
You lost 3 mp, and now have 17/25 mp.
Casting: Iskenderun's Mystic Blast (dangerous; 7% risk of failure)
Confirm with . or Enter, or press ? or * to list all spells.
You erupt in a blast of force!
The mystic blast hits the wight!
You destroy the wight!
MP[-4]
You lost 4 mp, and now have 13/25 mp.
The magic dart hits the wight.
A wight comes into view.
It is wielding a +3 halberd of freezing.
MP[-1]
You lost 1 mp, and now have 12/25 mp.
Casting: Magic Dart (safe; 1% risk of failure)
Confirm with . or Enter, or press ? or * to list all spells.
You erupt in a blast of force!
The mystic blast hits the wight! x2
The wight is knocked back by the mystic blast.
The wight slams into the rock wall!
The wight is distracted by your dazzling golden aura.
MP[-4]
You lost 4 mp, and now have 8/25 mp.
Casting: Iskenderun's Mystic Blast (dangerous; 7% risk of failure)
Confirm with . or Enter, or press ? or * to list all spells.
You erupt in a blast of force!
The mystic blast hits the wight!
You destroy the wight!
The mystic blast hits the wight but does no damage.
The wight misses you.
MP[-3]
You lost 3 mp, and now have 5/25 mp.
MP[+1]
Casting: Iskenderun's Mystic Blast (dangerous; 7% risk of failure)
Confirm with . or Enter, or press ? or * to list all spells.
You don't know that spell.
Casting: Iskenderun's Mystic Blast (dangerous; 7% risk of failure)
Confirm with . or Enter, or press ? or * to list all spells.
Aiming: Searing Ray (safe; 1% risk of failure)
Press: ? - help, Shift-Dir - straight line, p - wight The searing ray hits the wight!
You destroy the wight!
The searing ray hits the wight but does no damage. (Press . to maintain the ray.) MP[-2]
You lost 2 mp, and now have 4/25 mp.
The searing ray hits the wight.
The wight barely misses you.
MP[-1]
You lost 1 mp, and now have 3/25 mp.
The searing ray hits the wight.
The wight hits you from afar with a +3 halberd of freezing!
The wight freezes you.
HP[-17] MP[-1]
You take 17 damage, and now have 34/51 hp.
MASSIVE DAMAGE!! (PAUSE)
You lost 1 mp, and now have 2/25 mp.
The searing ray hits the wight.
You finish channelling your searing ray.
The wight hits you from afar with a +3 halberd of freezing!
* * * LOW HITPOINT WARNING * * *
The wight freezes you!
* * * LOW HITPOINT WARNING * * *
HP[-19] MP[-1]
You take 19 damage, and now have 15/51 hp.
MASSIVE DAMAGE!! (PAUSE)
You lost 1 mp, and now have 1/25 mp.
Unknown command.
HP[+1] MP[+1]
Casting: Searing Ray (safe; 1% risk of failure)
Confirm with . or Enter, or press ? or * to list all spells.
Aiming: Searing Ray (safe; 1% risk of failure)
Press: ? - help, Shift-Dir - straight line, f - wight
Aim: a wight, wielding a +3 halberd of freezing and wearing a +0 robe (severely damaged, 83% to hit)
Okay, then.
The wight is distracted by your dazzling golden aura.
HP[+1]
Casting: Searing Ray (safe; 1% risk of failure)
Confirm with . or Enter, or press ? or * to list all spells.
Aiming: Searing Ray (safe; 1% risk of failure)
Press: ? - help, Shift-Dir - straight line The searing ray hits the wight.
The wight is no longer distracted by gold. (Press . to maintain the ray.) HP[+1] MP[-2]
You lost 2 mp, and now have 0/25 mp.
HP[+1] HP[+1] HP[+1] MP[+1]
The wight hits you from afar with a +3 halberd of freezing!!
You die...
Your body crumbles into a pile of gold.

Skill      XL: |  1  2  3  4  5  6  7  8  9 |
---------------+----------------------------+-----
Transmutations | 1 2 3 4 |  4.0
Conjurations   | 5 6 7 9 12 | 12.3
Spellcasting   | 3 4 5 |  5.0
Dodging        | |  2.0
Stealth        | |  2.6

Action                   |  1- 3 |  4- 6 |  7- 9 || total
-------------------------+-------+-------+-------++-------
 Cast: Magic Dart        |    50 |    81 |   136 ||   267
       Searing Ray       |     3 |    11 |    61 ||    75
       Iskenderun's Myst |       |       |    21 ||    21
Armor: Skin              |       |       |     7 ||     7
Dodge: Dodged            |     8 |    10 |    65 ||    83

Levels and vault maps discovered:
D:1:      minmay_arrival_split_and_join, layout_basic,
          hellmonk_ecumenical_altar_arch_garden, nicolae_shop_unique_rings
D:2:      layout_basic, serial_glass, glass_columns_b, glass_columns_c,
          serial_shops, nicolae_diamond_shop, patterned_corridor, uniq_terence,
          uniq_natasha
D:3:      layout_loops_cross, minmay_pentangle
D:4:      layout_cave_pools, lemuel_mausoleum_altar_yredelemnul,
          gammafunk_ghost_stat_death
D:5:      layout_loops_ring, minmay_splitting_lines, serial_bayou_pond_e,
          grunt_ministairs_6
D:6:      layout_loops_ring, minmay_overflow_temple_star_quad, serial_shops,
          shop, uniq_crazy_yiuf_cottage
D:7:      layout_basic, temple_statues
D:8:      layout_rooms, kennysheep_little_box, serial_shops,
          nicolae_square_shop, shop, nicolae_shop_window_shopping,
          nicolae_shop_window_shopping, shop
Temple:   nicolae_temple_no_exploring_needed

Notes
Turn   | Place    | Note
-------+----------+-------------------------------------------
     0 | D:1      | zeratav the Octopode Conjurer began the quest for the Orb.
     0 | D:1      | Reached XP level 1. HP: 11/11 MP: 3/3
     0 | D:1      | magus.rc [v1.9.6]
   509 | D:1      | Reached XP level 2. HP: 17/17 MP: 5/5
   569 | D:1      | Found Fetet's One-of-a-Kind Rings.
   922 | D:1      | Found a faded altar of an unknown god.
  1058 | D:2      | Reached skill level 1 in Transmutations
  1058 | D:2      | Reached XP level 3. HP: 21/21 MP: 6/6
  1361 | D:2      | You pick up a book of the Tundra and begin reading...
  1361 | D:2      | You add the spells Hailstorm, Ice Form and Simulacrum to
                  | your library.
  1383 | D:2      | Noticed Terence
  1387 | D:2      | Learned a level 2 spell: Searing Ray
  1398 | D:2      | Killed Terence
  1399 | D:2      | Reached XP level 4. HP: 15/27 MP: 1/7
  1662 | D:2      | Found Mofoxyne's Book Boutique.
  1662 | D:2      | Noticed Natasha
  1667 | D:2      | Killed Natasha
  1668 | D:2      | Reached skill level 5 in Conjurations
  2032 | D:2      | Noticed Natasha
  2035 | D:2      | Reached skill level 2 in Transmutations
  2035 | D:2      | Reached XP level 5. HP: 28/31 MP: 9/9
  2036 | D:2      | Killed Natasha
  2093 | D:2      | Reached skill level 3 in Spellcasting
  2807 | D:3      | You add the spells Gell's Gravitas, Teleport Other and
                  | Dispersal to your library.
  3081 | D:3      | Learned a level 4 spell: Iskenderun's Mystic Blast
  3089 | D:3      | Reached XP level 6. HP: 36/36 MP: 10/10
  3150 | D:3      | You pick up a book of Flames and begin reading...
  3150 | D:3      | You add the spells Foxfire, Conjure Flame, Inner Flame and
                  | Flame Wave to your library.
  3183 | D:4      | Noticed Zeld's ghost (amateur MiDe)
  3190 | D:4      | Found a transporter.
  3222 | D:4      | Reached skill level 6 in Conjurations
  3514 | D:4      | Found a transporter.
  3528 | D:4      | Reached skill level 3 in Transmutations
  3592 | D:4      | Reached XP level 7. HP: 41/41 MP: 12/12
  4163 | D:4      | Reached skill level 4 in Spellcasting
  4239 | D:4      | Reached skill level 7 in Conjurations
  4371 | D:4      | Found a basalt altar of Yredelemnul.
  4379 | D:4      | Reached skill level 4 in Transmutations
  4515 | D:4      | Reached XP level 8. HP: 45/46 MP: 14/14
  4783 | D:5      | Entered Level 5 of the Dungeon
  4795 | D:5      | Reached skill level 8 in Conjurations
  4950 | D:6      | Reached skill level 5 in Spellcasting
  5375 | D:7      | Reached skill level 9 in Conjurations
  5945 | D:7      | Found a staircase to the Ecumenical Temple.
  5953 | Temple   | Entered the Ecumenical Temple
  5960 | Temple   | Became a worshipper of Gozag Ym Sagoz the Greedy
  5991 | D:6      | Reached XP level 9. HP: 51/51 MP: 13/16
  6125 | D:6      | Found a runed translucent door.
  6126 | D:6      | Noticed Crazy Yiuf
  6211 | D:5      | Reached skill level 10 in Conjurations
  6462 | D:5      | You pick up a book of Callings and begin reading...
  6462 | D:5      | You add the spells Summon Small Mammal, Call Canine
                  | Familiar and Summon Guardian Golem to your library.
  7713 | D:6      | Reached skill level 11 in Conjurations
  7960 | D:6      | Found a snail-covered altar of Cheibriados.
  7968 | D:6      | Found a shimmering altar of Xom.
  7971 | D:6      | Found a shadowy altar of Dithmenos.
  8076 | D:6      | Found Keroesui's Antique Weapon Shoppe.
  8798 | D:8      | You pick up a book of Minor Magic and begin reading...
  8798 | D:8      | You add the spells Call Imp and Mephitic Cloud to your
                  | library.
  8809 | D:8      | Found Urhuobb's Antique Weapon Shop.
  8813 | D:8      | Found Xutteof's Book Shop.
  8843 | D:8      | You pick up a book of Displacement and begin reading...
  8941 | D:8      | Found Wizoeff's Distillery.
  9046 | D:8      | Reached skill level 12 in Conjurations
  9162 | D:8      | You add the spells Borgnjor's Revivification, Necromutation
                  | and Death's Door to your library.
  9354 | D:8      | Found Eloriota's Magic Scroll Shop.
  9381 | D:8      | Slain by a wight

Vanquished Creatures
  4 steam dragons
  3 ice beasts
  4 necrophages (D:4)
  A sky beast (D:7)
  A phantom (D:5)
  A kobold brigand (D:7)
  A gnoll sergeant (D:6)
  2 bullfrogs (D:8)
  A scorpion (D:4)
  A water moccasin zombie (D:5)
  A wyvern skeleton (D:6)
  A water moccasin skeleton (D:4)
  5 wights
  3 centaur zombies
  A human zombie (D:4)
  A jelly (D:4)
  2 hounds (D:5)
  2 orc priests
  2 bullfrog skeletons (D:6)
  A gnoll shaman (D:7)
  Natasha (twice) (D:2)
  A centaur skeleton (D:6)
  Terence (D:2)
  5 iguanas
  4 orc wizards
  A hound skeleton (D:5)
  A mummy (D:4)
  7 gnolls
  A howler monkey skeleton (D:7)
  11 adders
  A shadow imp (D:5)
  An ufetubus (D:6)
  3 adder zombies (D:4)
  2 dart slugs
  16 orcs
  8 bats
  8 endoplasms
  2 giant cockroaches
  6 goblins
  2 hobgoblins
  3 jackals (D:5)
  5 quokkas
  8 ball pythons
  2 frilled lizards (D:2)
  6 kobolds
  A quokka skeleton (D:4)
  6 rats
152 creatures vanquished.

Vanquished Creatures (others)
  An orc wizard (D:5)
1 creature vanquished.

Grand Total: 153 creatures vanquished

Table legend:
 A = Non-vault XP
 B = Vault XP
 C = Vault XP percentage of total XP
 D = Non-vault monster count
 E = Vault monster count
 F = Vault count percentage of total count
                 A         B        C        D         E       F
            +---------+---------+-------+---------+---------+-------
      Total |    3422 |     893 |  20.7 |     126 |      27 |  17.6
            +---------+---------+-------+---------+---------+-------
        D:1 |      27 |       0 |   0.0 |      16 |       0 |   0.0
        D:2 |     115 |      73 |  38.8 |      21 |       2 |   8.7
        D:3 |      69 |      40 |  36.7 |      14 |       9 |  39.1
        D:4 |     428 |     732 |  63.1 |      21 |      12 |  36.4
        D:5 |     555 |      48 |   8.0 |      15 |       4 |  21.1
        D:6 |     481 |       0 |   0.0 |      11 |       0 |   0.0
        D:7 |    1066 |       0 |   0.0 |      16 |       0 |   0.0
        D:8 |     681 |       0 |   0.0 |      12 |       0 |   0.0
            +---------+---------+-------+---------+---------+-------

Illustrated notes

Table legend:
 A = Kills in this place as a percentage of kills in entire the game.
 B = Kills by you in this place as a percentage of kills by you in the entire game.
 C = Kills by friends in this place as a percentage of kills by friends in the entire game.
 D = Other kills in this place as a percentage of other kills in the entire game.
 E = Experience gained in this place as a percentage of experience gained in the entire game.
 F = Experience gained in this place divided by the number of levels of this place that you have seen.
                   A       B       C       D       E      F
               +-------+-------+-------+-------+-------+----------------------
         Total | 100.0 | 100.0 |   N/A | 100.0 | 100.0 | 479.4
       Dungeon | 100.0 | 100.0 |   N/A | 100.0 | 100.0 | 539.4
               +-------+-------+-------+-------+-------+----------------------

Table legend: (Time is in decaauts)
 A = Elapsed time spent in this place.
 B = Non-inter-level travel time spent in this place.
 C = Inter-level travel time spent in this place.
 D = Time resting spent in this place.
 E = Time spent auto-exploring this place.
 F = Levels seen in this place.
 G = Mean time per level.
                   A        B        C        D        E       F      G
               +--------+--------+--------+--------+--------+-----+--------+
         Total |   9386 |   8911 |    475 |    315 |   7727 |   9 | 1042.9 |
       Dungeon |   9371 |   8908 |    463 |    315 |   7727 |   8 | 1171.4 |
        Temple |     14 |      2 |     12 |      0 |      0 |   1 |   14.0 |
               +--------+--------+--------+--------+--------+-----+--------+

Top non-repeatable levels by time:
     D:4: 1609 daAuts
     D:7: 1521 daAuts
     D:5: 1265 daAuts
     D:6: 1166 daAuts
     D:2: 1120 daAuts
     D:1: 1050 daAuts
     D:3: 1003 daAuts
     D:8: 634 daAuts
  Temple: 14 daAuts
